 Dungeon Crawl Stone Soup version 0.30-a0-900-g23479c02f2 (webtiles) character file.

Game seed: 11412809085064370983

40947 Newt the Markskobold (level 14, -2/82 HPs)
             Began as a Kobold Hunter on Mar 17, 2023.
             Was a High Priest of Hepliaklqana.
             Slain by a death yak (23 damage)
             ... on level 2 of the Lair of Beasts on Mar 18, 2023.
             The game lasted 00:25:17 (19465 turns).

Newt the Markskobold (Kobold Hunter)               Turns: 19465, Time: 00:25:18

Health: -2/82      AC: 10    Str:  8    XL:     14   Next: 47%
Magic:  20/20      EV: 29    Int: 11    God:    Hepliaklqana [*****.]
Gold:   348        SH:  0    Dex: 23    Spells: 13/13 levels left

rFire   + . .      SeeInvis .    F - +0 shortbow (flame)
rCold   + + .      Faith    .    (shield currently unavailable)
rNeg    + + .      Spirit   .    Q - +1 troll leather armour {Snorg}
rPois   +          Reflect  .    U - -2 hat of the Alchemist {rElec rPois rF+ rC+ rN+ Will+ rMut rCorr}
rElec   +          Rampage  .    I - scarf {repulsion}
rCorr   +                        Z - +0 pair of gloves
rMut    +                        h - +2 pair of boots
Will    ++...                    s - amulet of Vitality {RegenMP++ Regen++}
Stlth   +++                      l - ring of positive energy
HPRegen 2.73/turn                u - ring of protection from cold
MPRegen 0.97/turn

@: studying Dodging, repel missiles
A: reduced essence, small, no large weapons, nightstalker 3, iridescent scales 1
a: Renounce Religion, Recall Ancestor, Ancestor Identity, Transference, Idealise


You were on level 2 of the Lair of Beasts.
You worshipped Hepliaklqana.
Hepliaklqana was extremely pleased with you.
You visited 3 branches of the dungeon, and saw 16 of its levels.
You also visited: Bailey and Ice Cave.

You collected 1134 gold pieces.
You spent 786 gold pieces at shops.

Inventory:

Hand Weapons
 a - a +0 shortbow
 F - a +0 shortbow of flaming (weapon)
Missiles
 f - 3 throwing nets
Armour
 h - a +2 pair of boots (worn)
 I - a scarf of repulsion (worn)
 J - +0 acid dragon scales
 Q - a +1 troll leather armour (worn) {Snorg}
 R - +0 ice dragon scales
 U - the -2 hat of the Alchemist (worn) {rElec rPois rF+ rC+ rN+ Will+ rMut rCorr}
   (You found it in an ice cave)

   rF:        It protects you from fire.
   rC:        It protects you from cold.
   rElec:     It insulates you from electricity.
   rPois:     It protects you from poison.
   rN:        It protects you from negative energy.
   rCorr:     It protects you from acid and corrosion.
   rMut:      It protects you from mutation.
   Will:      It increases your willpower.
 V - a +1 buckler of cold resistance
 Z - a +0 pair of gloves (worn)
Jewellery
 c - a ring of protection from cold
 l - a ring of positive energy (left hand)
 s - the amulet of Vitality (around neck) {RegenMP++ Regen++}
   (You found it on level 1 of the Lair of Beasts)

   [amulet of magic regeneration]

   It increases your rate of magic regeneration.
   Regen:     It increases your rate of health regeneration.
 u - a ring of protection from cold (right hand)
 v - a ring of see invisible
 M - a ring of positive energy
 P - an amulet of guardian spirit
 X - an amulet of magic regeneration
Wands
 t - a wand of paralysis (13)
 x - a wand of flame (51)
 y - a wand of digging (7)
 N - a wand of acid (5)
 T - a wand of iceblast (10)
Scrolls
 b - a scroll of immolation
 j - a scroll of magic mapping
 o - a scroll of torment
 p - 2 scrolls of blinking
 q - a scroll of butterflies
 r - 3 scrolls of fog
 z - 3 scrolls of amnesia
 G - 2 scrolls of enchant armour
 O - 3 scrolls of identify
 W - 3 scrolls of teleportation
 Y - a scroll of enchant weapon
Potions
 d - 5 potions of curing
 e - 2 potions of berserk rage
 g - 3 potions of heal wounds
 i - a potion of cancellation
 k - 5 potions of lignification
 m - a potion of ambrosia
 n - 9 potions of brilliance
 w - 2 potions of flight
 A - 3 potions of mutation
 B - 2 potions of magic
 C - 2 potions of resistance
 D - 5 potions of attraction
 E - 2 potions of degeneration
 H - 3 potions of might
 K - 3 potions of invisibility
 L - 2 potions of haste
Miscellaneous
 S - a phial of floods


   Skills:
 - Level 12.0 Fighting
 - Level 18.0 Ranged Weapons
 - Level 4.0 Armour
 + Level 17.7 Dodging
 - Level 1.3 Stealth
 - Level 9.0 Invocations
 - Level 9.0 Evocations


You had 13 spell levels left.
You didn't know any spells.
Your spell library contained the following spells:

 Spells                   Type           Power      Damage    Failure   Level
 Apportation              Tloc           0%         N/A       45%         1
 Beastly Appendage        Tmut           0%         N/A       45%         1
 Freeze                   Ice            0%         1d3       45%         1
 Necrotise                Necr           0%         1d4       45%         1
 Shock                    Conj/Air       0%         1d3       45%         1
 Summon Small Mammal      Summ           0%         N/A       45%         1
 Lesser Beckoning         Tloc           0%         N/A       58%         2
 Wereblood                Tmut           0%         N/A       58%         2
 Frozen Ramparts          Ice            0%         1d1       83%         3
 Gell's Gravitas          Tloc           0%         N/A       83%         3
 Hailstorm                Conj/Ice       0%         3d3       83%         3
 Inner Flame              Hex/Fire       0%         N/A       83%         3
 Spider Form              Tmut/Pois      0%         N/A       83%         3
 Stone Arrow              Conj/Erth      0%         3d7       83%         3
 Swiftness                Air            0%         N/A       83%         3
 Teleport Other           Tloc           0%         N/A       83%         3
 Airstrike                Air            0%         2d(0-16)  99%         4
 Animate Armour           Summ/Erth      0%         N/A       99%         4
 Cause Fear               Hex            0%         N/A       99%         4
 Leda's Liquefaction      Hex/Erth       0%         N/A       99%         4
 Summon Lightning Spire   Summ/Air       0%         N/A       99%         4
 Lee's Rapid Deconstruct  Erth           0%         3d4*      100%        5
 Lightning Bolt           Conj/Air       0%         1d11      100%        5
 Statue Form              Tmut/Erth      0%         N/A       100%        6
 Discord                  Hex            0%         N/A       100%        8
 Lehudib's Crystal Spear  Conj/Erth      0%         10d2      100%        8


Dungeon Overview and Level Annotations

Branches:
Dungeon (12/15)            Temple (1/1) D:4            Lair (3/5) D:10
  Swamp (0/4) Lair:2        Snake (0/4) Lair:2          Orc (0/2) D:9
 Bailey (visited)           IceCv (visited)

Altars:
Ashenzari
Cheibriados
Dithmenos
Elyvilon
Fedhas
Gozag
Hepliaklqana
Kikubaaqudgha
Makhleb
Nemelex Xobeh
Okawaru
Qazlal
Ru
Sif Muna
Trog
Uskayaw
Vehumet
Wu Jian
Xom
Yredelemnul
Zin
The Shining One

Shops:
D:3 ?   D:10 [   D:11 !


Innate Abilities, Weirdness & Mutations

Your life essence is reduced to manifest your ancestor. (-10% HP)
You are small and have problems with some larger weapons.
You are completely attuned to the shadows.
You are partially covered in iridescent scales. (AC +2)


Message History

The death yak completely misses you. x2
You shoot an arrow. The arrow hits the death yak.
The arrow burns the death yak.
The death yak is heavily wounded.
The death yak gores you. The death yak misses you.
You shoot an arrow.
The arrow hits the death yak but does no damage.
The death yak is heavily wounded.
The death yak gores you. The death yak closely misses you.
You shoot an arrow. The arrow hits the death yak!
The arrow burns the death yak.
The death yak is severely wounded.
You shoot an arrow. The arrow barely misses the death yak.
The death yak gores you! x2
* * * LOW HITPOINT WARNING * * *
You shoot an arrow. The arrow hits the death yak!
The arrow burns the death yak.
The death yak is severely wounded.
The death yak completely misses you.
The death yak gores you but does no damage.
Unknown command.
You shoot an arrow. The arrow hits the death yak.
The arrow burns the death yak.
The death yak is severely wounded.
The death yak gores you!
* * * LOW HITPOINT WARNING * * *
The death yak completely misses you.
Unknown command.
You feel much better. The death yak gores you!
* * * LOW HITPOINT WARNING * * *
The death yak misses you.
Aiming: Paralyse
Press: ? - help, Shift-Dir - straight line, f/p - death yak
Aim: a death yak (severely wounded, chance to affect: 9%)
Okay, then.
Unknown command.
The death yak completely misses you.
Unknown command.
The death yak attacks as you move away! The death yak gores you!!
You die...

#.'.....~..~~..~~..~~.~♣..#.#
##..†..♣.~~..~~~...~~..~....##
#..P....♣..~~.~.~.~..~~....##
...#.....~~.~..~.~~.~..♣...##
.###.....♣~~.~.~.~.~........#
#.##...^..♣~.~~~...~.♣.....##
###...†....♣♣..~.~~♣.P.P#..#
####P.+.♣♣#♣...♣.....#####
##..## ##.Y@...#.#.#
#..#####.#Y##.P#.### #
##..##.##.#....P##.###
#####...#P.#####.........#
............####.........#
............#.##.........#
....?...........>........#
............#...†........##
..†.........###...........#


You could see 2 death yaks.

Vanquished Creatures
  Snorg (Lair:3)
  Josephine (D:12)
  A hydra (Lair:3)
  Erolcha (D:9)
  2 two-headed ogres
  3 death yaks (Lair:2)
  2 bog bodies (IceCv)
  A lindwurm (Lair:3)
  Pikel (D:8)
  An orc knight (Bailey)
  A will-o-the-wisp (Lair:2)
  A salamander (Lair:2)
  A black mamba (Lair:3)
  Joseph (D:7)
  An ice statue (IceCv)
  7 cane toads
  A gargoyle (D:12)
  The ghost of sugarbear the Poker, a novice GnRe of Hepliaklqana (D:6)
  10 rime drakes
  2 anaconda simulacra (IceCv)
  A komodo dragon (Lair:1)
  3 trolls
  2 polar bears
  16 blink frogs
  4 slime creatures (D:12)
  18 yaks
  A wyvern (Lair:2)
  A dire elephant simulacrum (IceCv)
  5 wraiths
  2 basilisks
  8 steam dragons
  3 death yak simulacra (IceCv)
  2 vampire mosquitoes (D:11)
  4 acid dragons
  4 water moccasins
  4 orc warriors
  3 black bears
  4 wolves (Lair:1)
  3 ogres
  3 centaurs
  9 bullfrogs
  4 kobold brigands
  4 gnoll sergeants
  5 two-headed ogre simulacra (IceCv)
  2 cane toad simulacra (IceCv)
  A scorpion (D:5)
  An elephant simulacrum (IceCv)
  19 killer bees
  An electric eel (Lair:3)
  4 howler monkeys (D:10)
  4 hounds (D:5)
  A gnoll bouda (D:6)
  3 orc priests
  A sleepcap (D:7)
  Ijyb (D:2)
  An iguana (D:5)
  3 orc wizards
  A polar bear simulacrum (IceCv)
  2 hell rats (Lair:2)
  4 spriggan simulacra (IceCv)
  A troll simulacrum (IceCv)
  2 wolf simulacra (IceCv)
  21 gnolls
  7 adders
  5 naga simulacra (IceCv)
  6 white imps
  8 ufetubi
  3 worms
  2 dart slugs
  29 orcs
  5 endoplasms
  2 giant cockroaches
  17 goblins
  10 hobgoblins
  3 quokkas
  6 ball pythons
  9 bats
  4 frilled lizards
  20 kobolds
  7 rats
369 creatures vanquished.

Vanquished Creatures (collateral kills)
  A two-headed ogre (D:12)
  A gargoyle (D:12)
  3 komodo dragons
  An unseen horror (D:12)
  Maggie (Lair:1)
  2 rime drakes
  A troll (D:12)
  6 blink frogs
  A polar bear (Lair:2)
  A hornet (D:9)
  A shadow (D:9)
  2 wraiths
  A steam dragon (Lair:3)
  Grum (Lair:1)
  7 yaks
  2 basilisks
  A vampire mosquito (D:11)
  A hydra simulacrum (IceCv)
  2 water moccasins (Lair:1)
  2 orc warriors (D:9)
  An ice beast (D:6)
  2 ogres
  3 wolves (Lair:1)
  2 centaurs
  2 kobold brigands
  3 bullfrogs
  2 gnoll sergeants (D:9)
  4 scorpions
  A two-headed ogre simulacrum (IceCv)
  A wight (D:9)
  11 killer bees
  2 lava snakes (Lair:2)
  A hound (D:5)
  An orc priest (D:8)
  A gnoll bouda (D:10)
  3 hell rats (Lair:2)
  4 orc wizards
  A troll simulacrum (IceCv)
  A spriggan simulacrum (IceCv)
  A polar bear simulacrum (IceCv)
  A gnoll (D:6)
  A naga simulacrum (IceCv)
  2 white imps
  An ufetubus (D:6)
  7 orcs
  5 kobolds
102 creatures vanquished.

Vanquished Creatures (others)
  3 rime drakes (Lair:3)
  10 knights
  5 ancestors
  16 fungi
  26 plants
60 creatures vanquished.

Grand Total: 531 creatures vanquished

Notes
Turn   | Place    | Note
-------+----------+-------------------------------------------
     0 | D:1      | Newt the Kobold Hunter began the quest for the Orb.
     0 | D:1      | Reached XP level 1. HP: 12/12 MP: 1/1
   137 | D:1      | Reached XP level 2. HP: 18/18 MP: 2/2
   453 | D:1      | Reached XP level 3. HP: 23/23 MP: 3/3
  1316 | D:2      | Reached XP level 4. HP: 30/30 MP: 4/4
  2046 | D:2      | Noticed Ijyb
  2168 | D:2      | Killed Ijyb
  2169 | D:2      | Reached skill level 5 in Fighting
  2640 | D:3      | Reached XP level 5. HP: 35/35 MP: 5/5
  2888 | D:3      | Found Plog's Magic Scroll Shop.
  2990 | D:3      | Identified the +1 ring mail "Fuxioll" {*Corrode rN+ Will+}
  3008 | D:3      | Reached skill level 6 in Ranged Weapons
  3406 | D:4      | Found a staircase to the Ecumenical Temple.
  3417 | Temple   | Entered the Ecumenical Temple
  3441 | Temple   | Became a worshipper of Hepliaklqana the Forgotten
  3547 | D:4      | Found an opulent altar of Gozag.
  3547 | D:4      | Found a bloodstained altar of Trog.
  3817 | D:5      | Entered Level 5 of the Dungeon
  4145 | D:5      | Reached skill level 7 in Ranged Weapons
  4145 | D:5      | Reached XP level 6. HP: 40/40 MP: 6/6
  4536 | D:5      | Reached skill level 8 in Ranged Weapons
  4566 | D:5      | Noticed a black bear
  4573 | D:5      | Killed a black bear
  4574 | D:5      | Reached XP level 7. HP: 35/44 MP: 7/7
  4691 | D:5      | Reached skill level 9 in Ranged Weapons
  4825 | D:5      | Reached * piety under Hepliaklqana
  4851 | D:5      | Noticed a water moccasin
  4868 | D:5      | Killed a water moccasin
  4869 | D:5      | Reached skill level 10 in Ranged Weapons
  5320 | D:5      | Reached XP level 8. HP: 43/44 MP: 8/8
  5435 | D:5      | Reached skill level 5 in Dodging
  5822 | D:6      | Found a runed translucent door.
  5868 | D:6      | Reached skill level 11 in Ranged Weapons
  6415 | D:6      | Noticed sugarbear's ghost (novice GnRe)
  6519 | D:7      | Reached skill level 12 in Ranged Weapons
  6519 | D:7      | Reached XP level 9. HP: 48/48 MP: 9/9
  6606 | D:7      | Reached skill level 13 in Ranged Weapons
  7020 | D:7      | Noticed Joseph
  7035 | D:7      | Killed Joseph
  7036 | D:7      | Reached skill level 14 in Ranged Weapons
  7648 | D:7      | Reached ** piety under Hepliaklqana
  7649 | D:7      | Remembered your ancestor Belessunu as a knight
  7769 | D:6      | Killed sugarbear's ghost
  7770 | D:6      | Reached skill level 5 in Evocations
  8121 | D:8      | Reached XP level 10. HP: 47/53 MP: 10/10
  8261 | D:8      | Reached skill level 1 in Armour
  8399 | D:8      | Noticed Pikel
  8410 | D:8      | Killed Pikel
  9127 | D:9      | Reached *** piety under Hepliaklqana
  9701 | D:9      | Found a staircase to the Orcish Mines.
  9773 | D:9      | Reached skill level 15 in Ranged Weapons
  9773 | D:9      | Reached XP level 11. HP: 17/61 MP: 11/11
  9972 | D:9      | Noticed Erolcha
  9981 | D:9      | Killed Erolcha
  9982 | D:9      | Reached skill level 16 in Ranged Weapons
  9982 | D:9      | Reached skill level 1 in Invocations
 10330 | D:10     | Entered Level 10 of the Dungeon
 10452 | D:10     | Found Suhail's Armour Emporium.
 10691 | D:10     | Found a stormy altar of Qazlal.
 10717 | D:10     | Found a flagged portal.
 10727 | Bailey   | Entered a bailey
 10930 | Bailey   | Noticed an orc knight
 10943 | Bailey   | Reached skill level 5 in Invocations
 10950 | Bailey   | Killed an orc knight
 11245 | D:10     | Gained mutation: You are partially covered in iridescent
                  | scales. (AC +2) [potion of mutation]
 11409 | D:10     | Found a staircase to the Lair.
 11538 | D:10     | Found a burning altar of Makhleb.
 11545 | D:10     | Found an ornate altar of the Wu Jian Council.
 11768 | D:11     | Found a frozen archway.
 11781 | IceCv    | Entered an ice cave
 12364 | IceCv    | Reached XP level 12. HP: 33/65 MP: 18/18
 13082 | IceCv    | Found the -2 hat of the Alchemist {rElec rPois rF+ rC+ rN+
                  | Will+ rMut rCorr}
 13260 | D:11     | Upgraded the game from 0.30-a0-883-g5ad918d77d to
                  | 0.30-a0-900-g23479c02f2
 13359 | D:11     | Reached **** piety under Hepliaklqana
 13428 | D:11     | Found Unyhiec's Distillery.
 13431 | D:11     | Noticed a two-headed ogre
 13436 | D:11     | Killed a two-headed ogre
 13438 | D:11     | Bought 2 potions of heal wounds for 110 gold pieces
 14267 | D:12     | Noticed a two-headed ogre
 14275 | D:12     | Killed a two-headed ogre
 14296 | D:12     | Noticed a two-headed ogre
 14306 | D:12     | Killed a two-headed ogre
 14593 | D:12     | Reached skill level 10 in Dodging
 14821 | D:12     | Noticed Josephine
 14837 | D:12     | Killed Josephine
 14852 | D:12     | Reached skill level 17 in Ranged Weapons
 14852 | D:12     | Reached XP level 13. HP: 52/70 MP: 15/19
 15145 | Lair:1   | Entered Level 1 of the Lair of Beasts
 15287 | Lair:1   | Noticed Maggie
 15299 | Lair:1   | Killed Maggie
 15378 | Lair:1   | Reached skill level 18 in Ranged Weapons
 15391 | Lair:1   | HP: 1/71 [blink frog (10)]
 15913 | Lair:1   | Reached ***** piety under Hepliaklqana
 15978 | Lair:1   | Noticed Grum
 15985 | Lair:1   | Killed Grum
 16062 | Lair:1   | Reached skill level 10 in Fighting
 16421 | Lair:1   | Found the amulet of Vitality {RegenMP++ Regen++}
 16831 | D:3      | Bought a scroll of acquirement for 676 gold pieces
 16840 | D:3      | Acquired a manual of Dodging
 17644 | Lair:2   | Found a staircase to the Swamp.
 18113 | Lair:2   | Found a staircase to the Snake Pit.
 18389 | Lair:3   | Noticed Snorg
 18397 | Lair:3   | Killed Snorg
 18560 | Lair:3   | Reached XP level 14. HP: 82/82 MP: 20/20
 18686 | Lair:3   | Identified the +1 ring mail of the Sheltering Gods {+Inv}
 18705 | Lair:3   | Identified the +7 plate armour "Hoefoewy" {rN+}
 18798 | Lair:3   | Reached skill level 15 in Dodging
 19465 | Lair:2   | Slain by a death yak

Illustrated notes

Levels and vault maps discovered:
D:1:      giann_forest_graveyard, layout_basic, serial_forest,
          infiniplex_forest_side_room, infiniplex_forest_3_way,
          infiniplex_forest_clump_C, infiniplex_forest_lined_corner,
          infiniplex_forest_clump_large, minmay_cut_off
D:2:      kennysheep_the_goblin_king, layout_basic, serial_forest,
          infiniplex_forest_corner_1, infiniplex_forest_end_3,
          infiniplex_forest_clump_medium, infiniplex_forest_lined_2,
          infiniplex_forest_lined_corner
D:3:      layout_loops_cross, serial_shops, shop
D:4:      layout_cave_pods, chequers_temple_overflow_statue_of_worship,
          minmay_temple_entry_trees
D:5:      layout_gridville
D:6:      layout_loops_ring, ebering_ghost_sewer_d
D:7:      layout_basic, serial_bayou_crossing, uniq_joseph
D:8:      layout_loops_ring, hellmonk_bongcloud_opening, uniq_pikel
D:9:      layout_cave_pools, kennysheep_orc_monster_closet_entryway,
          kennysheep_generic_room_14, uniq_erolcha
D:10:     layout_roguey, grunt_qazlal_clouds, mainiacjoe_overflow_big_doors,
          grunt_lair_entry_orc_guard_hut, enter_bailey_3, serial_shops, shop
D:11:     layout_stronghold, portal_ice_cave_rime, gauntlet_entry_generic,
          serial_shops, shop
D:12:     layout_roguey, uniq_josephine
Temple:   sentei_temple_godly_chess
Lair:1:   layout_gridlike, infiniplex_staircase_pool, uniq_grum, uniq_maggie
Lair:2:   layout_roguey, minmay_swamp_entry_wisps,
          nicolae_snake_entry_warm_welcome, nicolae_quartered_pool_super
Lair:3:   layout_concentric_octagons, serial_bayou_pond_b,
          bobbens_dragon_lair_wall, uniq_snorg

Skill      XL: |  1  2  3  4  5  6  7  8  9 10 11 12 13 14 |
---------------+-------------------------------------------+-----
Fighting       | 3 4 5 8 12 | 12.0
Ranged Weapons | 7 8 10 12 14 15 16 17 18 | 18.0
Dodging        | 4 6 10 12 17 | 17.7
Evocations     | 6 9 |  9.0
Armour         | 4 |  4.0
Invocations    | 9 |  9.0
Stealth        | |  1.3

Action                     |  1- 3 |  4- 6 |  7- 9 | 10-12 | 13-15 || total
---------------------------+-------+-------+-------+-------+-------++-------
  Melee: Unarmed           |       |    37 |       |       |       ||    37
         Shortbow          |       |       |     4 |       |       ||     4
   Fire: Shortbow          |    83 |   157 |   255 |   865 |   663 ||  2023
 Invoke: Ancestor Life: Kn |       |       |     1 |       |       ||     1
         Recall Ancestor   |       |       |       |     7 |     3 ||    10
         Transference      |       |       |       |     1 |       ||     1
  Evoke: Wand              |       |       |     1 |    25 |     1 ||    27
    Use: Scroll            |     7 |     6 |     2 |    10 |     3 ||    28
         Potion            |       |       |     1 |     6 |     4 ||    11
 Armour: Leather armour    |    15 |    16 |    27 |     2 |       ||    60
         Steam dragon scal |       |       |       |    81 |     2 ||    83
         Skin              |       |       |       |    16 |       ||    16
         Acid dragon scale |       |       |       |       |    35 ||    35
         Troll leather arm |       |       |       |       |    21 ||    21
  Dodge: Dodged            |    26 |    98 |   110 |   315 |   378 ||   927
         Repelled          |       |       |       |       |     5 ||     5

Table legend: (Time is in decaauts)
 A = Elapsed time spent in this place.
 B = Non-inter-level travel time spent in this place.
 C = Inter-level travel time spent in this place.
 D = Time resting spent in this place.
 E = Time spent auto-exploring this place.
 F = Levels seen in this place.
 G = Mean time per level.
                   A        B        C        D        E       F      G
               +--------+--------+--------+--------+--------+-----+--------+
         Total |  19170 |  18239 |    931 |   3576 |  11613 |  18 | 1065.0 |
       Dungeon |  13453 |  12690 |    763 |   2079 |   8639 |  12 | 1121.1 |
        Temple |     33 |     17 |     16 |      0 |     10 |   1 |   33.0 |
          Lair |   3907 |   3756 |    151 |    975 |   2062 |   3 | 1302.3 |
        Bailey |    346 |    346 |      0 |     28 |    248 |   1 |  346.0 |
      Ice Cave |   1429 |   1429 |      0 |    493 |    653 |   1 | 1429.0 |
               +--------+--------+--------+--------+--------+-----+--------+

Top non-repeatable levels by time:
  Lair:1: 1697 daAuts
     D:2: 1679 daAuts
     D:7: 1582 daAuts
   IceCv: 1429 daAuts
     D:5: 1426 daAuts
  Lair:2: 1334 daAuts
     D:9: 1168 daAuts
    D:11: 1124 daAuts
     D:8: 1087 daAuts
    D:10: 1039 daAuts
     D:6: 1017 daAuts
     D:1: 933 daAuts
  Lair:3: 875 daAuts
     D:4: 831 daAuts
    D:12: 813 daAuts
